Map: Lightshade LE

Players

AqueroN

  • Race: Terran Terran
  • League: Grandmaster
  • Spawn Location: 11:00

ShoWTimE - Winner!

  • Race: Protoss Protoss
  • League: Master
  • Spawn Location: 5:00

Event: DreamHack SC2 Masters 2020 Winter

VOD

Have the link to the VOD?

Description

Time

  • Played on: Oct. 23, 2020, 11:25 a.m.
  • Length: 9:56

All games in this series

Show
View Real Time Build Order
Export as new Build Order

AqueroN Terran 

Build Orders: Reaper Expand 

Get SALT Encoding   

  12  0:00  SCV  
  13  0:12  SCV  
  14  0:17  Supply Depot  
  14  0:24  SCV  
  15  0:38  SCV  
  15  0:40  Barracks  
  16  0:42  Refinery  
  16  0:50  SCV  
  17  1:02  SCV  
  18  1:15  SCV  
  19  1:27  Orbital Command  
  19  1:28  Reaper  
  20  1:42  Command Center  
  20  1:54  SCV  
  20  1:59  Supply Depot  
  21  2:02  Marine  
  21  2:07  SCV  
  23  2:14  Factory  
  23  2:21  SCV, Bunker  
  24  2:26  Marine  
  25  2:33  SCV  
  25  2:35  Refinery  
  26  2:45  Barracks Reactor, SCV  
  26  2:56  Orbital Command  
  26  2:59  SCV  
  26  3:02  Orbital Command, Starport  
  26  3:03  Hellion  
  29  3:11  SCV  
  30  3:21  Marine x2  
  30  3:23  SCV  
  30  3:26  Factory Tech Lab  
  33  3:28  SCV  
  34  3:35  SCV  
  34  3:39  Marine x2  
  34  3:40  SCV  
  38  3:43  Barracks  
  38  3:48  SCV  
  38  3:52  SCV, Raven, Factory Tech Lab  
  42  3:56  Supply Depot  
  42  3:58  Supply Depot  
  42  4:01  SCV, Marine  
  42  4:02  Marine  
  45  4:04  SCV  
  45  4:09  Barracks  
  46  4:17  SCV x2  
  46  4:18  Marine  
  46  4:20  Marine  
  46  4:21  Supply Depot  
  50  4:29  SCV x2  
  52  4:36  Marine  
  52  4:37  Supply Depot, Factory Reactor  
  51  4:41  SCV x2  
  51  4:43  Marine  
  51  4:44  Stimpack  
  51  4:45  Marine  
  55  4:46  Starport Reactor  
  55  4:48  Refinery  
  55  4:53  SCV, Engineering Bay  
  55  4:54  SCV  
  55  4:58  Marine  
  55  4:59  Supply Depot  
  58  5:01  Marine  
  58  5:04  Combat Shield  
  58  5:06  SCV, Marauder  
  61  5:08  Marauder  
  61  5:11  SCV  
  64  5:17  Marine  
  64  5:18  SCV  
  64  5:19  Widow Mine x2, Marine  
  71  5:23  Medivac  
  73  5:28  Marine  
  73  5:31  Medivac, Supply Depot  
  73  5:35  Marauder  
  78  5:36  SCV x2  
  78  5:38  Supply Depot  
  78  5:40  Marine x2  
  78  5:42  Widow Mine x2  
  86  5:51  Supply Depot  
  86  5:53  Marauder  
  86  5:56  Marauder  
  90  5:59  Marine x2  
  92  6:04  SCV  
  92  6:06  Terran Infantry Weapons Level 1  
  92  6:07  Command Center  
  92  6:09  Widow Mine  
  92  6:11  Widow Mine  
  97  6:19  Marauder x2  
  97  6:22  Medivac  
  103  6:27  Marine x2  
  103  6:29  SCV x2  
  107  6:41  Marauder  
  109  6:52  SCV, Supply Depot x2  
  109  6:53  Supply Depot  
  110  6:54  Barracks x2  
  110  6:55  SCV, Marauder, Refinery  
  113  7:02  Marauder  
  98  7:17  Marauder  
  98  7:18  Widow Mine x2  
  98  7:19  SCV x2  
  98  7:20  Medivac x2  
  101  7:23  Marauder  
  101  7:25  Marine x2  
  102  7:38  SCV x2, Marauder  
  102  7:40  Widow Mine x2  
  102  7:43  Marine x2, Barracks Tech Lab  
  102  7:44  Barracks Reactor  
  110  7:45  Marauder  
  110  7:50  SCV x2  
  114  7:52  Orbital Command  
  114  7:54  Marine x2  
  114  7:58  Liberator x2  
  122  7:59  Marauder  
  122  8:01  Marine x2  
  122  8:05  SCV x2, Supply Depot  
  128  8:06  Marine  
  128  8:12  Marine x2  
  131  8:13  Widow Mine x2  
  131  8:18  SCV x2, Marine  
  131  8:19  SCV, Marine  
  139  8:20  Marine  
  139  8:22  Concussive Shells  
  139  8:23  Marine  
  141  8:30  SCV, Marine x2  
  144  8:36  Marine  
  144  8:37  Marine  
  144  8:39  Marauder  
  144  8:40  Liberator  
  151  8:42  Marauder  
  151  8:44  Liberator  
  156  8:51  Marine x2  
  158  9:01  Marine  
  158  9:04  Marine x2  
  96  9:25  Marauder x2, Marine x3  
  76  9:33  Marine  
Show
View Real Time Build Order
Export as new Build Order

ShoWTimE Protoss - Winner!

Build Orders: 1 Gate Expand, Blink Stalkers, Chargelot Immortal 

Get SALT Encoding   

  12  0:00  Probe  
  13  0:12  Probe  
  14  0:17  Pylon  
  14  0:24  Probe (Chrono Boost)  
  15  0:36  Probe (Chrono Boost), Gateway  
  16  0:44  Probe (Chrono Boost)  
  16  0:45  Assimilator  
  17  0:51  Probe  
  18  1:03  Probe  
  19  1:15  Probe  
  20  1:23  Cybernetics Core  
  20  1:33  Nexus  
  20  1:35  Probe  
  21  1:42  Pylon  
  21  1:48  Probe  
  21  1:50  Assimilator  
  22  1:57  Adept (Chrono Boost)  
  22  2:00  Probe  
  25  2:03  Warp Gate  
  25  2:12  Probe  
  26  2:18  Stalker (Chrono Boost)  
  28  2:24  Probe  
  29  2:36  Probe  
  29  2:42  Twilight Council  
  29  2:43  Stalker  
  31  2:46  Probe (Chrono Boost)  
  33  2:52  Probe (Chrono Boost)  
  34  2:58  Probe (Chrono Boost)  
  34  3:01  Gateway  
  34  3:04  Probe x2 (Chrono Boost)  
  36  3:10  Blink (Chrono Boost)  
  36  3:12  Probe  
  37  3:13  Probe  
  38  3:24  Probe  
  38  3:25  Probe  
  40  3:29  Robotics Facility  
  40  3:36  Probe, Pylon  
  40  3:37  Probe  
  42  3:49  Probe x2  
  42  3:52  Sentry  
  46  4:01  Probe, Nexus  
  46  4:02  Probe  
  48  4:04  Pylon  
  48  4:08  Assimilator  
  48  4:12  Stalker  
  48  4:13  Probe  
  48  4:14  Probe  
  48  4:16  Observer  
  53  4:18  Pylon  
  53  4:25  Probe  
  53  4:27  Probe, Stalker  
  56  4:37  Probe, Pylon  
  56  4:40  Observer  
  57  4:46  Probe, Stalker  
  57  4:50  Stalker  
  57  4:51  Probe  
  63  4:57  Gateway x2  
  63  4:58  Probe  
  64  5:04  Probe  
  64  5:05  Forge  
  65  5:09  Stalker, Charge  
  65  5:10  Probe  
  65  5:11  Observer  
  65  5:13  Probe  
  70  5:16  Probe  
  70  5:17  Phoenix  
  71  5:22  Probe  
  71  5:25  Probe  
  73  5:29  Gateway x2  
  73  5:30  Protoss Ground Armor Level 1 (Chrono Boost)  
  73  5:34  Immortal (Chrono Boost)  
  77  5:40  Gateway  
  77  5:44  Gateway  
  77  5:47  Probe x2  
  77  5:48  Probe  
  80  5:54  Zealot  
  80  5:55  Sentry  
  84  5:59  Probe x2  
  84  6:01  Probe  
  87  6:05  Pylon  
  87  6:06  Immortal  
  91  6:18  Zealot  
  93  6:20  Pylon  
  93  6:22  Shield Battery  
  93  6:23  Pylon  
  93  6:24  Sentry, Zealot x3  
  101  6:27  Pylon  
  101  6:37  Photon Cannon, Observer  
  101  6:40  Zealot x4  
  101  6:42  Immortal (Chrono Boost)  
  113  6:51  Pylon  
  113  6:55  Zealot x2  
  113  6:56  Zealot  
  119  7:01  Zealot x3  
  119  7:03  Pylon  
  117  7:14  Zealot x2  
  106  7:16  Zealot x3  
  106  7:19  Protoss Ground Weapons Level 1 (Chrono Boost)  
  104  7:23  Observer  
  104  7:25  Zealot  
  104  7:26  Zealot x2  
  107  7:31  Probe  
  107  7:32  Probe x2, Templar Archives  
  107  7:34  Assimilator  
  110  7:38  Assimilator  
  110  7:41  Zealot x4  
  118  7:48  Immortal  
  118  7:49  Probe  
  118  7:50  Probe  
  124  7:51  Probe  
  124  7:55  Psionic Storm  
  125  8:03  Pylon  
  125  8:04  Zealot x4, Assimilator  
  133  8:06  Probe  
  133  8:07  Probe  
  133  8:08  Probe  
  136  8:16  High Templar  
  136  8:18  Warp Prism  
  138  8:23  High Templar  
  140  8:33  High Templar  
  142  8:34  Zealot x3  
  148  8:44  Pylon  
  148  8:45  Pylon  
  148  8:46  Pylon  
  148  8:50  Nexus  
  148  9:00  Shield Battery  
  148  9:02  Stalker, Shield Battery  
  148  9:03  Stalker x5  
  88  9:25  Zealot x2  
  88  9:29  Stalker x4  
  88  9:30  Stalker  
  75  9:39  Zealot  
  73  9:46  Zealot x2  
  73  9:53  High Templar x3  
Tags
 
Add a new tag
Caveats
  • Supply blocks, unpowered buildings, or Contaminate may cause inaccurate times.
  • Supply counts are checked every 10 seconds.